 Dungeon Crawl Stone Soup version 0.29.1-2-gbd0b4ee654 (webtiles) character file.

Game seed: 7398317953970605526

1188 GeoRichter the Zephyrmancer (level 8, -5/37 (41) HPs)
             Began as a Tengu Air Elementalist on Nov 7, 2022.
             Was an Initiate of Gozag.
             Slain by Maggie
             ... wielding a +2 morningstar of draining
              (18 damage)
             ... on level 6 of the Dungeon.
             The game lasted 00:14:18 (6129 turns).

GeoRichter the Zephyrmancer (TeAE)                  Turns: 6129, Time: 00:14:19

HP:   -5/37 (41)    AC:  3    Str:  9    XL:     8   Next: 43%
MP:   4/15          EV: 14    Int: 19    God:    Gozag
Gold: 472           SH:  5    Dex: 15    Spells: 3/16 levels left

rFire   . . .      SeeInvis .   c - staff of conjuration {!a}
rCold   . . .      Faith    .   (no shield)
rNeg    . . .      Spirit   .   s - +0 leather armour "Ugrib Giseh" {Int+2 Slay+3}
rPois   .          Reflect  +   (helmet restricted)
rElec   .          Harm     .   (no cloak)
rCorr   .          Rampage  .   (no gloves)
Will    .....                   (boots unavailable)
Stlth   ++........              n - amulet of reflection
HPRegen 0.12/turn               (no ring)
MPRegen 0.14/turn               (no ring)

@: flying quickly and evasively, mesmerised, very slightly contaminated,
drained, invisible, quick
A: beak, talons 3, nimble flight
a: Renounce Religion, Potion Petition, Call Merchant, Bribe Branch


You were on level 6 of the Dungeon.
You worshipped Gozag.
Gozag was aware of your devotion.
You visited 2 branches of the dungeon, and saw 7 of its levels.

You collected 540 gold pieces.
You paid 68 gold pieces to Gozag.

Inventory:

Hand Weapons
 F - a +1 falchion of electrocution
   (You took it off Eustachio on level 5 of the Dungeon)
Missiles
 y - a throwing net {!f}
Armour
 a - a +0 robe
 l - the +2 pair of gloves of the Catfish {rPois rN+ Str-5 Int+3}
   (You found it on level 2 of the Dungeon)

   Str:       It affects your strength (-5).
   Int:       It affects your intelligence (+3).
   rPois:     It protects you from poison.
   rN:        It protects you from negative energy.
 s - the +0 leather armour "Ugrib Giseh" (worn) {Int+2 Slay+3}
   (You found it on level 2 of the Dungeon)

   Int:       It affects your intelligence (+2).
   Slay:      It affects your accuracy & damage with ranged weapons and melee
   (+3).
 E - a +0 buckler
   (You found it on level 5 of the Dungeon)
Magical Staves
 c - a staff of conjuration (weapon) {!a}
   (You found it on level 3 of the Dungeon)
Jewellery
 h - an amulet of the acrobat
   (You found it on level 1 of the Dungeon)
 n - an amulet of reflection (around neck)
   (You found it on level 1 of the Dungeon)
 A - a ring of fire
   (You found it on level 4 of the Dungeon)
Wands
 B - a wand of paralysis (15)
   (You found it on level 5 of the Dungeon)
 C - a wand of roots (1)
   (You took it off Dowan on level 5 of the Dungeon)
Scrolls
 d - 2 scrolls of blinking {unknown}
 e - 6 scrolls of fear {unknown}
 g - 3 scrolls of poison {unknown}
 i - 3 scrolls of magic mapping {unknown}
 j - 9 scrolls of identify {unknown}
 p - 2 scrolls of teleportation {unknown}
 q - a scroll of noise {unknown}
 t - a scroll of summoning {unknown}
 u - a scroll of enchant weapon {unknown}
 v - 2 scrolls of immolation {unknown}
Potions
 b - a potion of magic
 f - 2 potions of heal wounds {@q2}
 k - a potion of might
 m - 2 potions of mutation {unknown}
 o - 2 potions of brilliance {unknown}
 x - a potion of cancellation {unknown}
 z - a potion of ambrosia {unknown}
 D - a potion of haste {unknown}


   Skills:
 - Level 2.1 Dodging
 - Level 2.0 Stealth
 + Level 4.5 Spellcasting
 - Level 7.7 Conjurations
 - Level 8.7 Air Magic
 * Level 2.1 Poison Magic


You had 3 spell levels left.
You knew the following spells:

 Your Spells              Type           Power      Damage    Failure   Level
a - Shock                 Conj/Air       100%       1d9       1%          1
b - Static Discharge      Conj/Air       52%        3-10/arc  1%          2
c - Swiftness             Air            37%        N/A       1%          3
d - Mephitic Cloud        Conj/Pois/Air  41%        N/A       4%          3
e - Airstrike             Air            18%        2d(3-19)  4%          4

Your spell library contained the following spells:

 Spells                   Type           Power      Damage    Failure   Level
 Magic Dart               Conj           100%       1d8       1%          1
 Foxfire                  Conj/Fire      100%       2x1d9     3%          1
 Conjure Flame            Conj/Fire      28%        6-21      11%         3
 Call Imp                 Summ           4%         N/A       28%         2
 Inner Flame              Hex/Fire       4%         N/A       50%         3
 Flame Wave               Conj/Fire      28%        2d9       36%         4
 Leda's Liquefaction      Hex/Erth       2%         N/A       88%         4
 Lee's Rapid Deconstruct  Erth           2%         3d5*      99%         5
 Statue Form              Tmut/Erth      2%         N/A       100%        6


Dungeon Overview and Level Annotations

Branches:
Dungeon (6/15) Zot: 26793  Temple (1/1) D:4 Zot: 5966

Altars:
Ashenzari
Elyvilon
Fedhas
Gozag
Hepliaklqana
Kikubaaqudgha
Okawaru
Qazlal
Sif Muna
Trog
Uskayaw
Wu Jian
Xom
Zin
The Shining One

Shops:
D:2 =   D:4 [

Annotations:
D:6 1 runed translucent door, Maggie
Temple 2 transporters


Innate Abilities, Weirdness & Mutations

You have a beak for a mouth.
You have claws for feet.
Your magical nature lets you fly swiftly and evasively.


Message History

You feel a surge of power!
The ball explodes into a vile cloud!
The stinking cloud engulfs something but does no damage.
You hear an angry growl.
Aim: an iguana (chance to affect: 86%)
You feel a surge of power!
The ball explodes into a vile cloud!
The stinking cloud engulfs the iguana but does no damage.
The stinking cloud engulfs something but does no damage.
You hear a shout!
The iguana is engulfed in noxious fumes.
The iguana appears confused.
Found a scroll labelled ASMI ONAILUUF.
Something hits you!!
Ouch! That really hurt!
* * * LOW HITPOINT WARNING * * *
You feel drained.
* * * LOW HITPOINT WARNING * * *
The iguana is engulfed in noxious fumes.
The iguana appears confused.
The iguana closely misses something.
You fade into invisibility!
You hear some strange, mumbled words.
A bolt of fire appears from out of thin air!
The bolt of fire misses you.
The iguana is engulfed in noxious fumes.
The iguana appears confused.
The iguana bites itself.
Something barely misses you.
You feel much better. Something hits you!
* * * LOW HITPOINT WARNING * * *
You feel drained.
* * * LOW HITPOINT WARNING * * *
The iguana is engulfed in noxious fumes.
The iguana appears confused.
Something hits you.
* * * LOW HITPOINT WARNING * * *
Something shocks you.
* * * LOW HITPOINT WARNING * * *
You feel much better. Something barely misses you.
The iguana is engulfed in noxious fumes.
The iguana appears confused.
Something hits you. Something shocks you.
Okay, then.
As you read the scroll labelled ABLUJISCHICH, it crumbles to dust.
Your body is wracked with pain!
* * * LOW HITPOINT WARNING * * *
Something is bathed in an unholy light! x2; The iguana convulses!
It was a scroll of torment.
Something hits you!!
You die...
Your body crumbles into a pile of gold.

#.# ##..........#
##.#####...........#
.........#.....>...#
.......#...#.......#
#....#...#...#.....######
#..#...#...#...#........#
#....#...#...#...########
##.#...#...#...#.#
#...#...#...#..@#
...#.).#...#..°#{{......
.....#...#...#.○l°......$
##.#...#...#...#.○......
.>..#...#...#.......?..
..###..#...#.. !........
.# ....#..## .......!.
.#...##...


You could see an iguana (wandering, confused, unable to see you).

Vanquished Creatures
  Eustachio (D:5)
  Menkaure (D:4)
  Duvessa (D:5)
  An ice beast (D:6)
  A black bear (D:5)
  A phantom (D:4)
  2 necrophages
  A scorpion (D:5)
  Dowan (D:5)
  2 orc priests (D:5)
  A hound (D:5)
  Jessica (D:2)
  2 orc wizards (D:5)
  4 gnolls (D:4)
  6 adders
  A shadow imp (D:3)
  2 worms
  2 dart slugs
  14 orcs
  9 endoplasms
  6 goblins
  5 hobgoblins
  4 jackals (D:3)
  4 kobolds
  2 quokkas
  3 ball pythons
  8 bats
  3 frilled lizards
  2 rats (D:1)
91 creatures vanquished.

Notes
Turn   | Place    | Note
-------+----------+-------------------------------------------
     0 | D:1      | GeoRichter the Tengu Air Elementalist began the quest for
                  | the Orb.
     0 | D:1      | Reached XP level 1. HP: 10/10 MP: 4/4
   184 | D:1      | Reached XP level 2. HP: 12/15 MP: 1/6
   337 | D:1      | Learned a level 2 spell: Static Discharge
   483 | D:1      | You fall into a shaft and drop 1 floor!
   483 | D:2      | Found a blossoming altar of Fedhas.
   486 | D:2      | Found a faded altar of an unknown god.
   497 | D:2      | Identified the +2 pair of gloves of the Catfish {rPois rN+
                  | Str-5 Int+3}
   969 | D:2      | Reached XP level 3. HP: 19/19 MP: 2/7
  1177 | D:2      | Identified the +0 leather armour "Ugrib Giseh" {Int+2
                  | Slay+3}
  1192 | D:2      | Found Xakhusist's Jewellery Shoppe.
  1269 | D:2      | Noticed Jessica
  1271 | D:2      | Killed Jessica
  1272 | D:2      | Reached skill level 5 in Air Magic
  1272 | D:2      | Reached XP level 4. HP: 24/24 MP: 3/8
  1307 | D:2      | Learned a level 3 spell: Swiftness
  2885 | D:4      | Gained mutation: Your magical nature lets you fly swiftly
                  | and evasively. [Tengu growth]
  2885 | D:4      | Reached XP level 5. HP: 28/28 MP: 4/10
  3174 | D:4      | Learned a level 3 spell: Mephitic Cloud
  3185 | D:4      | Noticed a phantom
  3192 | D:4      | Killed a phantom
  3193 | D:4      | Reached skill level 6 in Air Magic
  3444 | D:4      | Reached skill level 5 in Conjurations
  3444 | D:4      | Reached XP level 6. HP: 25/32 MP: 5/11
  3722 | D:4      | Noticed Menkaure
  3726 | D:4      | Killed Menkaure
  3727 | D:4      | Reached skill level 7 in Air Magic
  3808 | D:4      | Found a glowing silver altar of Zin.
  3808 | D:4      | Found an iron altar of Okawaru.
  3808 | D:4      | Found a broken altar of Ashenzari.
  3889 | D:4      | Reached XP level 7. HP: 36/36 MP: 10/13
  3958 | D:4      | Found a staircase to the Ecumenical Temple.
  3966 | Temple   | Entered the Ecumenical Temple
  3966 | Temple   | Found a transporter.
  3966 | Temple   | Found a transporter.
  3968 | Temple   | Found a transporter.
  3968 | Temple   | Found a transporter.
  3982 | Temple   | Became a worshipper of Gozag Ym Sagoz the Greedy
  4153 | D:4      | Found Liesuvits's Antique Armour Emporium.
  4257 | D:5      | Entered Level 5 of the Dungeon
  4265 | D:5      | Noticed Dowan
  4268 | D:5      | Noticed Duvessa
  4565 | D:5      | Noticed Eustachio
  4606 | D:5      | Killed Eustachio
  4897 | D:5      | Reached skill level 8 in Air Magic
  5044 | D:5      | Killed Duvessa
  5045 | D:5      | Reached XP level 8. HP: 38/41 MP: 5/15
  5072 | D:5      | Killed Dowan
  5579 | D:5      | Learned a level 4 spell: Airstrike
  5952 | D:6      | Found a runed translucent door.
  5977 | D:6      | Reached skill level 1 in Poison Magic
  6115 | D:6      | Noticed Maggie
  6129 | D:6      | Slain by Maggie

Illustrated notes

Levels and vault maps discovered:
D:1:      spicycebolla_green_bress_n_ham_2, layout_basic
D:2:      layout_rooms, basic_altar, nicolae_ecumenical_oubliette, serial_shops,
          shop, uniq_jessica
D:3:      layout_loops_ring, serial_glass, glass_columns_b, glass_columns_a,
          glass_columns_b, glass_columns_a, glass_columns_a, glass_columns_c
D:4:      layout_gridville, gammafunk_temple_overflow_forgotten,
          minmay_temple_entry_grid, serial_shops, kennysheep_mini_moat,
          hangedman_decor_opposing, uniq_menkaure
D:5:      layout_basic, kennysheep_nub, uniq_duvessa, uniq_eustachio
D:6:      layout_rooms, hangedman_ru_absence, yredelemnul_altar_generic,
          ebering_ghost_reflecting_pool, hex_medium, amethyst_killhole,
          uniq_pikel, uniq_maggie
Temple:   hellmonk_temple_divided_pantheon

Skill      XL: |  1  2  3  4  5  6  7  8 |
---------------+-------------------------+-----
Conjurations   | 2 3 4 5 7 |  7.7
Air Magic      | 5 6 7 8 |  8.7
Spellcasting   | 3 4 |  4.5
Poison Magic   | 2 |  2.1
Dodging        | |  2.1
Stealth        | |  2.0

Action                   |  1- 3 |  4- 6 |  7- 9 || total
-------------------------+-------+-------+-------++-------
Melee: Dagger            |     2 |     4 |       ||     6
       Staff             |       |     2 |     4 ||     6
       Kick              |       |     1 |     1 ||     2
 Cast: Shock             |    53 |    77 |    82 ||   212
       Static Discharge  |       |     9 |    11 ||    20
       Swiftness         |       |       |     1 ||     1
       Airstrike         |       |       |     3 ||     3
       Mephitic Cloud    |       |       |     2 ||     2
  Use: Potion            |       |       |     5 ||     5
       Scroll            |       |       |     1 ||     1
 Stab: Sleeping          |       |     1 |       ||     1
Armor: Robe              |       |     6 |       ||     6
       Leather armour    |       |       |     5 ||     5
Dodge: Dodged            |       |    12 |    23 ||    35
Block: Other             |       |     1 |     5 ||     6
       Reflection        |       |       |     1 ||     1
